 Dungeon Crawl Stone Soup version 0.25-a0-803-g58bd18402a (webtiles) character file.

Game seed: 14182451512855466961, levelgen mode: deterministic

44 Maedhros the Charlatan (level 3, -7/23 HPs)
             Began as an Octopode Artificer on Apr 19, 2020.
             Killed by divine providence
             ... invoked by an orc priest
              (11 damage)
             ... on level 2 of the Dungeon.
             The game lasted 00:01:23 (283 turns).

Maedhros the Charlatan (Octopode Artificer)          Turns: 283, Time: 00:01:23

Health: -7/23      AC:  1    Str: 11    XL:     3   Next: 60%
Magic:  5/5        EV: 13    Int: 16    God:
Gold:   88         SH:  0    Dex: 13    Spells: 2/2 levels left

rFire    + . .     SeeInvis .   k - +1 dagger (vamp)
rCold    + . .     Gourm    .   (no shield)
rNeg     . . .     Faith    .   (helmet restricted)
rPois    +         Spirit   .   (no amulet)
rElec    +         Reflect  .   g - +3 ring of intelligence
rCorr    +         Harm     .   (no ring)
MR       .....                  (no ring)
Stlth    +++.......             (no ring)
HPRegen  0.07/turn              (no ring)
MPRegen  0.09/turn              (no ring)
                                (no ring)
                                (no ring)

@: resistant
A: almost no armour, stealthy swim, amphibious, 8 rings, constrict 8, camouflage
1, gelatinous body 1
a: no special abilities


You were on level 2 of the Dungeon.
You were not hungry.

You visited 1 branch of the dungeon, and saw 2 of its levels.

You collected 88 gold pieces.

Inventory:

Hand Weapons
 a - a +0 short sword
 k - a +1 vampiric dagger (weapon)
Jewellery
 g - a +3 ring of intelligence (left tentacle)
Wands
 b - a wand of flame (13)
 c - a wand of enslavement (10)
 d - a wand of random effects (14)
Scrolls
 e - 3 scrolls of identify {unknown}
 i - a scroll of teleportation {unknown}
 j - a scroll of amnesia {unknown}
Comestibles
 f - 3 rations


   Skills:
 - Level 1.0 Fighting
 - Level 1.0 Short Blades
 - Level 2.0 Dodging
 + Level 2.5 Stealth
 * Level 2.1 Unarmed Combat
 + Level 3.7 Evocations


You had 2 spell levels left.
You didn't know any spells.
Your spell library was empty.

Dungeon Overview and Level Annotations

Branches:
Dungeon (2/15)

Altars:


Innate Abilities, Weirdness & Mutations

You cannot wear most types of armour.
You are very stealthy in the water. (Stealth+)
You are amphibious.
You can wear up to eight rings at the same time.
You can use your tentacles to constrict eight enemies at once.
Your skin changes colour to match your surroundings (Stealth+).
Your rubbery body absorbs attacks. (AC +1, EV +1)


Message History

The dart slug barely misses you.
You hit the dart slug. You squeeze the dart slug.
You kill the dart slug!
You hit the orc.
You feel better.
You grab the orc.
The orc is lightly wounded.
You constrict the orc.
The orc priest invokes the aid of Beogh against you.
Beogh smites you!
* * * LOW HITPOINT WARNING * * *
The orc barely misses you.
It was a potion of resistance.
You feel protected.
You constrict the orc.
You feel a bit more experienced.
Evoke which item? (* to show all) (? for menu, Esc to quit)
Aiming: Enslavement
Press: ? - help, Shift-Dir - straight line The orc struggles to resist.
You constrict the orc. The orc closely misses you.
The orc priest calls down the wrath of Beogh upon you.
Beogh smites you!
You die...

###########. ....
#...........
...o...#...........
....o...#...........
......o..#...†....r..
.........#..o@.......
.........#.lo........
#.......o...........
#...................
#.........#######...
#.........# ..
#.........# .
#.........#
#...†.....#


You could see an orc priest, 2 orcs, a leopard gecko and a rat (sleeping).

Vanquished Creatures
  Jessica (D:2)
  2 dart slugs (D:2)
  A leopard gecko (D:1)
  A giant cockroach (D:1)
  A kobold (D:2)
  A ball python (D:1)
  2 bats (D:1)
  2 frilled lizards
  A goblin (D:1)
  A rat (D:1)
13 creatures vanquished.

Vanquished Creatures (collateral kills)
  An orc (D:2)
  A kobold (D:2)
  A rat (D:2)
3 creatures vanquished.

Grand Total: 16 creatures vanquished

Notes
Turn   | Place    | Note
-------+----------+-------------------------------------------
     0 | D:1      | Maedhros the Octopode Artificer began the quest for the
                  | Orb.
     0 | D:1      | Reached XP level 1. HP: 13/13 MP: 3/3
     2 | D:1      | Noticed a spriggan
     2 | D:1      | Noticed a halfling
     4 | D:1      | Noticed a draconian
     6 | D:1      | Noticed a naga
     6 | D:1      | Noticed an octopode
     9 | D:1      | Noticed a ghoul
    11 | D:1      | Noticed an elf
    11 | D:1      | Noticed a formicid
    14 | D:1      | Noticed a vampire
    14 | D:1      | Noticed a demonspawn
    16 | D:1      | Noticed a tengu
    16 | D:1      | Noticed a vine stalker
    18 | D:1      | Noticed a merfolk
    20 | D:1      | Noticed a human
    20 | D:1      | Noticed an ogre
    22 | D:1      | Noticed a demigod
    22 | D:1      | Noticed a felid
    24 | D:1      | Noticed a dwarf
    26 | D:1      | Noticed a centaur
    26 | D:1      | Noticed a troll
    28 | D:1      | Noticed a minotaur
    28 | D:1      | Noticed a gargoyle
   140 | D:1      | Reached skill level 1 in Unarmed Combat
   140 | D:1      | Reached XP level 2. HP: 17/18 MP: 4/4
   209 | D:2      | Noticed Jessica
   216 | D:2      | Killed Jessica
   216 | D:2      | Reached XP level 3. HP: 9/23 MP: 5/5
   283 | D:2      | Killed from afar by an orc priest

Levels and vault maps discovered:
D:1:      kb_arrival_jail, layout_loops_ring, minmay_misc_feat_columns
D:2:      layout_basic, chequers_temple_overflow_statue_of_worship, uniq_jessica

Skill      XL: |  1  2 |
---------------+-------+-----
Unarmed Combat | 1 2 |  2.1
Stealth        | 2 |  2.5
Fighting       | |  1.0
Short Blades   | |  1.0
Dodging        | |  2.0
Evocations     | |  3.7

Action                   || total
-------------------------++-------
Melee: Short sword       ||    21
       Constrict         ||    10
       Tentacles         ||     6
       Dagger            ||     4
Evoke: Wand              ||     8
  Use: Potion            ||     2
 Stab: Sleeping          ||     2
Armor: Skin              ||     2
Dodge: Dodged            ||    28

Table legend:
 A = Non-vault XP
 B = Vault XP
 C = Vault XP percentage of total XP
 D = Non-vault monster count
 E = Vault monster count
 F = Vault count percentage of total count
                 A         B        C        D         E       F
            +---------+---------+-------+---------+---------+-------
      Total |      26 |      37 |  58.7 |      15 |       1 |   6.2
            +---------+---------+-------+---------+---------+-------
        D:1 |      11 |       0 |   0.0 |       8 |       0 |   0.0
        D:2 |      15 |      37 |  71.2 |       7 |       1 |  12.5
            +---------+---------+-------+---------+---------+-------
